 Dungeon Crawl Stone Soup version 0.29.1-2-gbd0b4ee654 (webtiles) character file.

Game seed: 11513764539183503942

22 jamesblauser the Trooper (level 2, 0/27 HPs)
             Began as a Draconian Berserker on Nov 11, 2022.
             Was a Follower of Trog.
             Frozen to death by an endoplasm (3 damage)
             ... on level 3 of the Dungeon.
             The game lasted 00:03:11 (656 turns).

jamesblauser the Trooper (Draconian Berserker)       Turns: 656, Time: 00:03:11

Health: 0/27       AC:  4    Str: 19    XL:     2   Next: 68%
Magic:  2/2        EV: 12    Int:  7    God:    Trog [*.....]
Gold:   66         SH:  0    Dex: 10    Spells: 1/1 levels left

rFire   . . .      SeeInvis .   a - +0 hand axe
rCold   . . .      Faith    .   (no shield)
rNeg    . . .      Spirit   .   (body armour unavailable)
rPois   .          Reflect  .   (helmet restricted)
rElec   .          Harm     .   (no cloak)
rCorr   .          Rampage  .   (no gloves)
Will    .....                   (no boots)
Stlth   +.........              c - amulet of regeneration
HPRegen 0.89/turn               (no ring)
MPRegen 0.08/turn               (no ring)

@: slowed, very slow
A: AC +4, unfitting armour, cold-blooded
a: Renounce Religion, Berserk


You were on level 3 of the Dungeon.
You worshipped Trog.
Trog was aware of your devotion.
You visited 1 branch of the dungeon, and saw 3 of its levels.

You collected 66 gold pieces.

Inventory:

Hand Weapons
 a - a +0 hand axe (weapon)
 b - a +4 spear of venom
Missiles
 d - 2 throwing nets (quivered)
Jewellery
 c - an amulet of regeneration (around neck)
Scrolls
 f - a scroll of identify
Potions
 e - a potion of brilliance
 g - a potion of curing {unknown}


   Skills:
 + Level 3.9 Fighting
 + Level 3.2 Axes
 + Level 2.9 Dodging


You had one spell level left.
You didn't know any spells.
Your spell library was empty.

Dungeon Overview and Level Annotations

Branches:
Dungeon (3/15)

Altars:


Innate Abilities, Weirdness & Mutations

Your plain brown scales are hard. (AC +4)
You cannot fit into any form of body armour.
You are cold-blooded and may be slowed by cold attacks.


Message History

You feel yourself speed up. The endoplasm freezes you.
You are frozen.
* * * LOW HITPOINT WARNING * * *
You feel yourself slow down. The endoplasm barely misses you.
The endoplasm hits you.
* * * LOW HITPOINT WARNING * * *
You feel yourself speed up.
The endoplasm hits you but does no damage.
The endoplasm barely misses you. The endoplasm freezes you.
You are frozen.
* * * LOW HITPOINT WARNING * * *
You feel yourself slow down.
You see here 3 gold pieces.
The endoplasm barely misses you.
You feel yourself speed up.
The endoplasm hits you but does no damage.
The endoplasm freezes you.
You are frozen.
* * * LOW HITPOINT WARNING * * *
You feel yourself slow down. The endoplasm attacks as you move away!
The endoplasm barely misses you. The endoplasm barely misses you.
The endoplasm freezes you.
You are frozen.
* * * LOW HITPOINT WARNING * * *
You feel as though you will be slow longer.
The endoplasm freezes you.
You are frozen.
* * * LOW HITPOINT WARNING * * *
You feel as though you will be slow longer.
The endoplasm freezes you.
You are frozen.
* * * LOW HITPOINT WARNING * * *
You feel as though you will be slow longer.
The endoplasm hits you but does no damage.
The endoplasm freezes you.
You are frozen.
You die...

. ##############
#.#............#
#......@J......#
##.....$.......#
#..............#
#...##.........#
#8...
#.........# ##..
#.........# #..
#.........# ..
###.).....#
#.......#


You could see an endoplasm.

Vanquished Creatures
  A dart slug (D:1)
  A bat (D:1)
  2 goblins (D:1)
  2 hobgoblins (D:1)
  3 kobolds
  2 quokkas
  3 ball pythons
  A frilled lizard (D:1)
  3 rats (D:1)
18 creatures vanquished.

Notes
Turn   | Place    | Note
-------+----------+-------------------------------------------
     0 | D:1      | jamesblauser the Draconian Berserker began the quest for
                  | the Orb.
     0 | D:1      | Reached XP level 1. HP: 19/19 MP: 1/1
   170 | D:1      | Reached XP level 2. HP: 24/27 MP: 2/2
   656 | D:3      | Frozen to death by an endoplasm

Illustrated notes

Levels and vault maps discovered:
D:1:      denvon_arrival_planthouse, layout_loops_cross,
          ebering_ecumenical_altar_ruins
D:2:      layout_basic
D:3:      layout_basic, mainiacjoe_overflow_catwalk, serial_corexii_hall,
          corexii_hall_statues_u, corexii_hall_statues_deadend,
          chequers_hall_statues_corner_a, corexii_hall_statues_l

Action                   || total
-------------------------++-------
Melee: Hand axe          ||    62
       Tailslap          ||     4
  Use: Scroll            ||     1
Armor: Skin              ||    42
Dodge: Dodged            ||   101
